 Dungeon Sprint DCSS version 0.26-a0-663-g36e8fdb655 (webtiles) character file.

Game seed: 1902494407390748843

113 TerrariaFan the Skirmisher (level 4, -8/47 HPs)
             Began as a Minotaur Fighter on Oct 12, 2020.
             Shot with an arrow by a centaur warrior (28 damage)
             ... in the Dungeon (Sprint II: "The Violet Keep of Menkaure").
             The game lasted 00:02:02 (532 turns).

TerrariaFan the Skirmisher (Minotaur Fighter)        Turns: 532, Time: 00:02:03

Health: -8/47      AC:  0    Str: 22    XL:     4   Next: 65%
Magic:  3/3        EV: 13    Int:  5    God:
Gold:   243        SH:  0    Dex:  9    Spells: 3/3 levels left

rFire    . . .     SeeInvis .   (weapon currently unavailable)
rCold    . . .     Faith    .   (shield currently unavailable)
rNeg     . . .     Spirit   .   (armour currently unavailable)
rPois    .         Reflect  .   (helmet currently unavailable)
rElec    .         Harm     .   (cloak currently unavailable)
rCorr    .         Rampage  .   (gloves currently unavailable)
MR       .....     NoTele   +   (boots currently unavailable)
Stlth    +.........             (no amulet)
HPRegen  0.15/turn              (ring currently unavailable)
MPRegen  0.08/turn              (ring currently unavailable)

@: pig-form, slowed
A: small, (retaliatory headbutt)
a: no special abilities


You were in the Dungeon.
You were a filthy swine.
You visited 1 branch You collected 243 gold pieces.

Inventory:

Hand Weapons
 a - a +0 war axe (melded)
Armour
 b - a +0 scale mail (melded)
 c - a +0 kite shield (melded)
Scrolls
 j - a scroll of blinking
Potions
 d - a potion of might
 f - a potion of heal wounds
 g - a potion of haste
 h - 2 potions of magic
 i - a potion of berserk rage


   Skills:
 + Level 7.2 Fighting
 + Level 4.7 Axes
 + Level 7.0 Armour
 + Level 6.7 Shields


You had 3 spell levels left.
You didn't know any spells.
Your spell library was empty.

Dungeon Overview and Level Annotations

Branches:
Dungeon (1/1)

Altars:

Shops:
D ?:=[?}!(:[=([!*

Annotations:
D exclusion: oklob plant, Kirke


Innate Abilities, Weirdness & Mutations

((You reflexively headbutt those who attack you in melee.))
((You have a pair of horns on your head.))


Message History

You are too injured to fight recklessly!
You are too injured to fight recklessly!
You are too injured to fight recklessly!
You are too injured to fight recklessly!
You are too injured to fight recklessly!
Unknown command.
You hear some strange, mumbled words.
You feel a momentary urge to oink. What are your orders? t - Squeal!
Orders for allies: a - Attack new target. r - Retreat! s - Stop attacking. g - Guard the area. f - Follow me.
Anything else - Cancel.
Okay, then.
Unknown command.
The centaur warrior wields a +0 shortbow.
The centaur warrior shoots an arrow.
The arrow hits you!!
Ouch! That really hurt!
You die... ≈≈○°≈○○○.# ### zzz○○..

.≈## zz○.
##########≈≈#+++#+++##
#########≈≈≈.........#
.∩.∩....#≈≈≈≈.##'##..#
..∩.∩...#≈≈≈≈##..### #
...∩.∩..#≈≈≈≈#..##.#
....∩.⌠h#zc####.#.# #
...∩.∩..#Y## ##†# .#
..∩.∩.4.#K#..###.##l#
.∩......c≈+ #B+.<.+#
∩.∩.....#≈#.B###.##l#
▓▓▓▓▓▓###≈## #+# .#
$FF######≈≈###


B#B # (hh# ##≈≈≈#.. .. § ∩P( #+#≈##. $## ≈≈≈ You could see a death yak, a
yaktaur captain, a skeletal warrior, a centaur warrior, 2 polar bears, a kobold
demonologist, 2 cane toads and a chaos spawn (summoned).

Vanquished Creatures
  A water moccasin (D)
  3 worms (D)
4 creatures vanquished.

Vanquished Creatures (others)
  Menkaure (D)
  A water moccasin (D)
2 creatures vanquished.

Grand Total: 6 creatures vanquished

Notes
Turn   | Place    | Note
-------+----------+-------------------------------------------
     0 | D        | TerrariaFan the Minotaur Fighter began the quest for the
                  | Orb.
     0 | D        | Reached XP level 1. HP: 19/19 MP: 0/0
    12 | D        | Reached XP level 2. HP: 22/28 MP: 1/1
    23 | D        | Noticed a wyvern
    23 | D        | Noticed a wyvern
    27 | D        | Noticed a boulder beetle
    27 | D        | Noticed a boulder beetle
    34 | D        | Killed Menkaure
    75 | D        | Noticed a flying skull
    75 | D        | Noticed a flying skull
    75 | D        | Noticed a flying skull
    75 | D        | Noticed a flying skull
    75 | D        | Noticed a flying skull
    76 | D        | Noticed a flying skull
    76 | D        | Noticed a flying skull
    76 | D        | Noticed a flying skull
    77 | D        | Noticed a flying skull
    77 | D        | Noticed a flying skull
    77 | D        | Noticed a water moccasin
    77 | D        | Noticed a flying skull
    78 | D        | Noticed a flying skull
    90 | D        | Killed a water moccasin
    90 | D        | Reached XP level 3. HP: 7/39 MP: 2/2
    90 | D        | Reached XP level 4. HP: 9/47 MP: 3/3
    95 | D        | Found Bixigro's Distillery.
    95 | D        | Found Zuezetie's Assorted Antiques.
    96 | D        | Found Paffopp's Jewellery Emporium.
    96 | D        | Found Gehooq's Antique Weapon Shoppe.
    96 | D        | Found Kaijastro's Antique Armour Emporium.
    97 | D        | Found Zaxziem's Antique Weapon Shoppe.
    97 | D        | Found Xifataf's Book Emporium.
    97 | D        | Found Zifuvem's Antique Armour Shoppe.
    98 | D        | Found Mowir's Magic Scroll Shoppe.
    98 | D        | Found Eptonieme's Gadget Shoppe.
    99 | D        | Found Ciyrghose's Distillery.
   101 | D        | Noticed a polar bear
   102 | D        | Noticed a cane toad
   105 | D        | Killed a water moccasin
   118 | D        | Noticed an obsidian statue
   374 | D        | Noticed a polar bear
   375 | D        | Found Kosut's Armour Shoppe.
   375 | D        | Found Ighauzio's Jewellery Emporium.
   375 | D        | Noticed an oklob plant
   507 | D        | Noticed a kobold demonologist
   509 | D        | Noticed a cane toad
   510 | D        | Noticed Kirke
   513 | D        | Found Zotoh's Magic Scroll Shoppe.
   513 | D        | Found Jawisaf's Book Shoppe.
   515 | D        | Noticed a centaur warrior
   518 | D        | Noticed a death yak
   521 | D        | Noticed a skeletal warrior
   525 | D        | Noticed a chaos spawn
   527 | D        | Noticed a yaktaur captain
   532 | D        | Shot with an arrow by a centaur warrior

Illustrated notes

Levels and vault maps discovered:
D:        the_violet_keep_of_menkaure [sprint2_stairs_cluster_1,
          sprint2_shoproom, sprint2_temple, sprint2_basic_supplies,
          sprint2_obstacle_3, sprint2_obstacle_5, sprint2_obstacle_1,
          sprint2_obstacle_2, sprint2_obstacle_6, sprint2_timed_cluster_1,
          sprint2_smallroom_cluster_1, sprint2_smallroom_final_cluster_1,
          sprint2_transparent_cluster_1, sprint2_second_timed_cluster_1,
          sprint2_sniper_area_1, sprint2_heavy_combat_area_1,
          sprint2_mutation_trap_area_1, sprint2_forest_area_1,
          sprint2_light_combat_area_1, sprint2_behind_water_1,
          sprint2_near_end_vault_1]

Skill      XL: |  1  2 |
---------------+-------+-----
Fighting       | 4 7 |  7.2
Armour         | 4 7 |  7.0
Shields        | 4 6 |  6.7
Axes           | 4 |  4.7

Action                   |  1- 3 |  4- 6 || total
-------------------------+-------+-------++-------
Melee: War axe           |    19 |     7 ||    26
       Headbutt          |     4 |     2 ||     6
       Unarmed           |       |     4 ||     4
  Use: Potion            |       |     1 ||     1
Armor: Scale mail        |     7 |     2 ||     9
Dodge: Dodged            |     9 |       ||     9
Block: Kite shield       |     5 |     3 ||     8

Table legend: (Time is in decaauts)
 A = Elapsed time spent in this place.
 B = Non-inter-level travel time spent in this place.
 C = Inter-level travel time spent in this place.
 D = Time resting spent in this place.
 E = Time spent auto-exploring this place.
 F = Levels seen in this place.
 G = Mean time per level.
                   A        B        C        D        E       F      G
               +--------+--------+--------+--------+--------+-----+--------+
         Total |    574 |    563 |     11 |    398 |      1 |   1 |  574.0 |
       Dungeon |    574 |    563 |     11 |    398 |      1 |   1 |  574.0 |
               +--------+--------+--------+--------+--------+-----+--------+

Top non-repeatable levels by time:
       D: 574 daAuts
